Workbook
Name OLE_LINK1: 工业类小企业评级结果!$D$13

Sheet 1-小企业(工业类)
A1: 说明：在信用评级时，只需要在“实际值”一栏填入文字，在“评分”部分填入分值即可；文字部分需加入简短评述和说明，评分分值与评分标准相对应。
B2: 指标名称 | D2: 计算公式及考核内容 | E2: 评分标准 | F2: 实际值 | G2: 评分 | H2: 权数 | I2: 最大可能值 | J2: 加权评分值 | K2: 最终评分值
A3: 1 | B3: 企业基本情况(25) | C3: 企业生命周期判断(10) | D3: 初创期、成长期、成熟期早期、成熟期晚期、停滞或衰退期、加速衰退或死亡期 | E3: 初创期、加速衰退或死亡期，得0分 | F3: 1 | G3: 5 | H3: 10 | I3: =H3*10 -> 100 | J3: =G3*H3 -> 50 | K3: =J3/I3 -> 0.5
E4: 成长期，得6分
E5: 成熟期早期，得8分
E6: 成熟期晚期，得5分
E7: 停滞或衰退期，得1分
C8: 社会声誉(8) | D8: 企业获奖经历 | E8: 企业有省级以上荣誉称号的，得8分 | H8: 8 | I8: =H8*10 -> 80 | J8: =G8*H8 -> 0 | K8: =J8/I8 -> 0
E9: 企业有市级以上荣誉称号的，得6分
E10: 企业有县级以上荣誉称号的，得4分
E11: 企业无荣誉称号的，得2分
C12: 信息透明度(7) | D12: 财务报表质量情况 | E12: 企业提供的财务报表经事务所审计且出具无保留意见，得7分 | H12: 7 | I12: =H12*10 -> 70 | J12: =G12*H12 -> 0 | K12: =J12/I12 -> 0
E13: 企业提供的财务报表经事务所审计且出具保留意见，得4分
E14: 企业提供的财务报表未经事务所审计，得2分
A15: 2 | B15: 企业实际控制人基本情况(30) | C15: 实际控制人行业经验(8) | E15: ≥10年，得10分 | H15: 8 | I15: =H15*10 -> 80 | J15: =G15*H15 -> 0 | K15: =J15/I15 -> 0
E16: ≥5年，<10年，得8分
E17: ≥2年，<5年，得2分
E18: <2年，得0分
C19: 实际控制人在银行信用记录(8) | D19: 参照《中国邮政储蓄银行个人信用信息基础数据库应用管理办法（试行）分类 | E19: 正常类，得8分 | H19: 8 | I19: =H19*10 -> 80 | J19: =G19*H19 -> 0 | K19: =J19/I19 -> 0
E20: 瑕疵类，得5分
E21: 次级类，得3分 | AC21: =#REF! -> #REF! | AD21: =#REF!/SUM(H30:H38)*#REF!+H33/SUM(H30:H38)*K33+H38/SUM(H30:H38)*K38 -> #REF!
E22: 禁入类，得1分
C23: 实际控制人品质(8) | D23: 勤奋程度、责任感等评价 | E23: 经营企业较为勤奋，责任感较强，得8分 | H23: 8 | I23: =H23*10 -> 80 | J23: =G23*H23 -> 0 | K23: =J23/I23 -> 0
E24: 经营企业勤奋程度一般，责任感一般，得5分
E25: 经营企业投入度不够，责任感较差，得1分 | AC25: =B30 -> 企业竞争能力(20) | AD25: =H30/SUM(H30:H41)*K30+H40/SUM(H30:H41)*K40+H41/SUM(H30:H41)*K41 -> 0
C26: 实际控制人婚姻(6) | D26: 婚姻状况 | E26: 已婚,未离异，得8分 | H26: 6 | I26: =H26*10 -> 60 | J26: =G26*H26 -> 0 | K26: =J26/I26 -> 0
E27: 已婚,有过离异经历，得4分
E28: 未婚，得2分 | AC28: =B47 -> 成长性评价(10) | AD28: =H47/SUM(H47:H48)*K47+#REF!/SUM(H47:H48)*#REF!+#REF!/SUM(H47:H48)*#REF!+#REF!/SUM(H47:H48)*#REF! -> #REF!
E29: 其他，得1分
A30: 3 | B30: 企业竞争能力(20) | C30: 销售渠道(10) | D30: 企业销售渠道的稳定性 | E30: 为大型企业提供配套、客户群稳定、有长期的销售合同，得10分 | H30: 10 | I30: =H30*10 -> 100 | J30: =G30*H30 -> 0 | K30: =J30/I30 -> 0
E31: 为大型企业提供配套、客户群较为稳定，得8分
E32: 客户群实力一般，无明显销售渠道优势，得4分
E33: 客户群不稳定，客户变动率高，无长期固定销售合同，得2分
C34: 采购渠道(5) | D34: 企业采购渠道的稳定性 | E34: 有众多经营稳定、具备相当实力的供应商，市场为买方市场，得10分 | H34: 5 | I34: =H34*10 -> 50 | J34: =G34*H34 -> 0 | K34: =J34/I34 -> 0
E35: 有长期合作稳定的供应商，市场供求平衡，得8分
E36: 企业无明显采购渠道优势，采购渠道单一，得5分
E37: 供应商变动率高，无长期合作关系，得2分
C38: 生产技术(5) | D38: 与竞争对手相比企业的生产技术优势 | E38: 产品技术有专利，有专门的技术人才，竞争对手很难模仿，得8分 | H38: 5 | I38: =H38*10 -> 50 | J38: =G38*H38 -> 0 | K38: =J38/I38 -> 0
E39: 无明显技术优势，但与竞争对手相比，具有一定的技术特点，得6分
E40: 生产技术落后，与竞争对手相比，无技术优势，得2分 | AC40: =C3 -> 企业生命周期判断(10) | AD40: =K3 -> 0.5
A41: 4 | B41: 盈利能力评价(15) | C41: 销售毛利率(8) | D41: （年销售收入－年销售成本）／年销售收入 | E41: ≥30%，得10分 | H41: 8 | I41: =H41*10 -> 80 | J41: =G41*H41 -> 0 | K41: =J41/I41 -> 0 | AC41: =C13 -> 0 | AD41: =K13 -> 0
E42: ≥10%，<30%，得分为：（实际值/30%）*10分
E43: <10%，得0分
C44: 企业所得税纳税情况(7) | D44: 本期纳税申报表中的纳税额/（本地区GDP/注册企业数量） 注：若存在政府给企业以优惠政策，企业不需缴纳所得税时，取值4分；若依据当地政府规定，企业缴纳定额所得税（企业按期足额缴纳），取值5分 | E44: ≥8%，得10分 | H44: 7 | I44: =H44*10 -> 70 | J44: =G44*H44 -> 0 | K44: =J44/I44 -> 0
E45: ≥3.65%，<8%，得6分
E46: <3.65%，得分为：（实际值/3.65%）*6分（最低取1分）
A47: 5 | B47: 成长性评价(10) | C47: 流转税纳税额增长率(10) | D47: （本期纳税申报表中的增值税、营业税等纳税额－上期纳税申报表中的增值税、营业税等纳税额）／上期纳税申报表中的增值税、营业税等纳税额 注：①以增值税纳税额增长率作为评价标准时，若企业增值税缴纳长期存在进项税大于销项税的情况，且进项税额呈现增长趋势的，取值4分；②以营业税纳税额增长率作为评价标准时，若企业营业税为定额，取值5分 | E47: ≥10%，得10分 | H47: 10 | I47: =H47*10 -> 100 | J47: =G47*H47 -> 0 | K47: =J47/I47 -> 0 | AC47: =C12 -> 信息透明度(7) | AD47: =K14 -> 0
E48: <10%，得分为：（实际值/10%）*10分（最低得零分）
B49: 扣分项 | E49: 企业有不良声誉记录的（如上过有关机构或部门的黑名单），扣5分 | H49: -5 | J49: =G49*H49 -> 0 | AC49: =#REF! -> #REF! | AD49: =#REF! -> #REF!
E50: 企业实际控制人有赌博、吸毒等不良嗜好的，扣5分
H51: =SUM(H3:H48) -> 100 | I51: =H51*10 -> 1000 | J51: =SUM(J3:J50) -> 50 | K51: =J51/I51 -> 0.05 | AC51: =C30 -> 销售渠道(10) | AD51: =K30 -> 0

Sheet 2-小企业(批发零售类)
A1: 说明：在信用评级时，只需要在“实际值”一栏填入文字，在“评分”部分填入分值即可；文字部分需加入简短评述和说明，评分分值与评分标准相对应。
B2: 指标名称 | D2: 计算公式及考核内容 | E2: 评分标准 | F2: 实际值 | G2: 评分 | H2: 权数 | I2: 最大可能值 | J2: 加权评分值 | K2: 最终评分值
A3: 1 | B3: 企业基本情况(25) | C3: 企业生命周期判断(10) | D3: 初创期、成长期、成熟期早期、成熟期晚期、停滞或衰退期、加速衰退或死亡期 | E3: 初创期、加速衰退或死亡期，得0分 | H3: 10 | I3: =H3*10 -> 100 | J3: =G3*H3 -> 0 | K3: =J3/I3 -> 0
E4: 成长期，得6分
E5: 成熟期早期，得8分
E6: 成熟期晚期，得5分
E7: 停滞或衰退期，得1分
C8: 社会声誉(8) | D8: 企业获奖经历 | E8: 企业有省级以上荣誉称号的，得8分 | H8: 8 | I8: =H8*10 -> 80 | J8: =G8*H8 -> 0 | K8: =J8/I8 -> 0
E9: 企业有市级以上荣誉称号的，得6分
E10: 企业有县级以上荣誉称号的，得4分
E11: 企业无荣誉称号的，得2分
C12: 信息透明度(7) | D12: 财务报表是否经过审计 | E12: 企业提供的财务报表经事务所审计且出具无保留意见，得7分 | H12: 7 | I12: =H12*10 -> 70 | J12: =G12*H12 -> 0 | K12: =J12/I12 -> 0
E13: 企业提供的财务报表经事务所审计且出具保留意见，得4分
E14: 企业提供的财务报表未经事务所审计，得2分
A15: 2 | B15: 企业实际控制人基本情况(30) | C15: 实际控制人行业经验(8) | D15: 从业年限 | E15: ≥10年，得10分 | H15: 8 | I15: =H15*10 -> 80 | J15: =G15*H15 -> 0 | K15: =J15/I15 -> 0
E16: ≥5年，<10年，得8分
E17: ≥2年，<5年，得2分
E18: <2年，得0分
C19: 实际控制人在银行信用记录(8) | D19: 参照《中国邮政储蓄银行个人信用信息基础数据库应用管理办法（试行）分类 | E19: 正常类，得8分 | H19: 8 | I19: =H19*10 -> 80 | J19: =G19*H19 -> 0 | K19: =J19/I19 -> 0
E20: 瑕疵类，得5分
E21: 次级类，得3分
E22: 禁入类，得1分
C23: 实际控制人品质(8) | D23: 勤奋程度、责任感等评价 | E23: 经营企业较为勤奋，责任感较强，得8分 | H23: 8 | I23: =H23*10 -> 80 | J23: =G23*H23 -> 0 | K23: =J23/I23 -> 0
E24: 经营企业勤奋程度一般，责任感一般，得5分
E25: 经营企业投入度不够，责任感较差，得1分
C26: 实际控制人婚姻(6) | D26: 婚姻状况 | E26: 已婚,未离异，得8分 | H26: 6 | I26: =H26*10 -> 60 | J26: =G26*H26 -> 0 | K26: =J26/I26 -> 0
E27: 已婚,有过离异经历，得4分
E28: 未婚，得2分
E29: 其他，得1分
A30: 3 | B30: 企业竞争能力(20) | C30: 销售渠道(7) | D30: 企业销售渠道的稳定性 | E30: 为大型企业提供配套、客户群稳定、有长期的销售合同，得10分 | H30: 7 | I30: =H30*10 -> 70 | J30: =G30*H30 -> 0 | K30: =J30/I30 -> 0
E31: 为大型企业提供配套、客户群较为稳定，得8分
E32: 客户群实力一般，无明显销售渠道优势，得4分
E33: 客户群不稳定，客户变动率高，无长期固定销售合同，得2分
C34: 采购渠道(5) | D34: 企业采购渠道的稳定性 | E34: 有众多经营稳定、具备相当实力的供应商，市场为买方市场，得10分 | H34: 5 | I34: =H34*10 -> 50 | J34: =G34*H34 -> 0 | K34: =J34/I34 -> 0
E35: 有长期合作稳定的供应商，市场供求平衡，得8分
E36: 企业无明显采购渠道优势，采购渠道单一，得5分
E37: 供应商变动率高，无长期合作关系，得2分
C38: 经营场所地段(8) | D38: 经营场所的地段区位状况 | E38: 地处闹市、交通枢纽、同类商品服务集散地，得8分 | H38: 8 | I38: =H38*10 -> 80 | J38: =G38*H38 -> 0 | K38: =J38/I38 -> 0
E39: 地段一般，非交通枢纽，人流量一般，无明显地段优势，得5分
E40: 地段偏僻， 人流量少，地段差，得2分
A41: 5 | B41: 盈利能力评价(15) | C41: 销售毛利率(8) | D41: （年销售收入－年销售成本）／年销售收入 | E41: ≥10%，得10分 | H41: 8 | I41: =H41*10 -> 80 | J41: =G41*H41 -> 0 | K41: =J41/I41 -> 0
E42: ≥5%，<10%，得分为：（实际值/10%）*10分
E43: <5%，得0分
C44: 企业所得税纳税情况(7) | D44: 本期纳税申报表中的纳税额/（本地区GDP/注册企业数量） 注：若存在政府给企业以优惠政策，企业不需缴纳所得税时，取值4分；若依据当地政府规定，企业缴纳定额所得税（企业按期足额缴纳），取值5分 | E44: ≥8%，得10分 | H44: 7 | I44: =H44*10 -> 70 | J44: =G44*H44 -> 0 | K44: =J44/I44 -> 0
E45: ≥3.65%，<8%，得6分
E46: <3.65%，得分为：（实际值/3.65%）*6分（最低取1分）
A47: 6 | B47: 成长性评价(10) | C47: 流转税纳税额增长率(10) | D47: （本期纳税申报表中的增值税、营业税等纳税额－上期纳税申报表中的增值税、营业税等纳税额）／上期纳税申报表中的增值税、营业税等纳税额 注：①以增值税纳税额增长率作为评价标准时，若企业增值税缴纳长期存在进项税大于销项税的情况，且进项税额呈现增长趋势的，取值4分；②以营业税纳税额增长率作为评价标准时，若企业营业税为定额，取值5分。 | E47: ≥10%，得10分 | H47: 10 | I47: =H47*10 -> 100 | J47: =G47*H47 -> 0 | K47: =J47/I47 -> 0
E48: <10%，得分为：（实际值/10%）*10分（最低得零分）
B49: 扣分项 | E49: 企业有不良声誉记录的（如上过有关机构或部门的黑名单），扣5分 | H49: -5 | J49: =G49*H49 -> 0
E50: 企业实际控制人有赌博、吸毒等不良爱好的，扣5分
G51: =SUM(G3:G48) -> 0 | H51: =SUM(H3:H48) -> 100 | I51: =SUM(I3:I48) -> 1000 | J51: =SUM(J3:J49) -> 0 | K51: =J51/I51 -> 0

Sheet 3-小企业(其他类)
A1: 说明：在信用评级时，只需要在“实际值”一栏填入文字，在“评分”部分填入分值即可；文字部分需加入简短评述和说明，评分分值与评分标准相对应。
B2: 指标名称 | D2: 计算公式及考核内容 | E2: 评分标准 | F2: 实际值 | G2: 评分 | H2: 权数 | I2: 最大可能值 | J2: 加权评分值 | K2: 最终评分值
A3: 1 | B3: 企业基本情况(25) | C3: 企业生命周期判断(10) | D3: 初创期、成长期、成熟期早期、成熟期晚期、停滞或衰退期、加速衰退或死亡期 | E3: 初创期、加速衰退或死亡期，得0分 | H3: 10 | I3: =H3*10 -> 100 | J3: =G3*H3 -> 0 | K3: =J3/I3 -> 0
E4: 成长期，得6分
E5: 成熟期早期，得8分
E6: 成熟期晚期，得5分
E7: 停滞或衰退期，得1分
C8: 社会声誉(8) | D8: 企业获奖经历 | E8: 企业有省级以上荣誉称号的，得8分 | H8: 8 | I8: =H8*10 -> 80 | J8: =G8*H8 -> 0 | K8: =J8/I8 -> 0
E9: 企业有市级以上荣誉称号的，得6分
E10: 企业有县级以上荣誉称号的，得4分
E11: 企业无荣誉称号的，得2分
C12: 信息透明度(7) | D12: 财务报表是否经过审计 | E12: 企业提供的财务报表经事务所审计且出具无保留意见，得7分 | H12: 7 | I12: =H12*10 -> 70 | J12: =G12*H12 -> 0 | K12: =J12/I12 -> 0
E13: 企业提供的财务报表经事务所审计且出具保留意见，得4分
E14: 企业提供的财务报表未经事务所审计，得2分
A15: 2 | B15: 企业实际控制人基本情况(30) | C15: 实际控制人行业经验(8) | D15: 从业年限 | E15: ≥10年，得10分 | H15: 8 | I15: =H15*10 -> 80 | J15: =G15*H15 -> 0 | K15: =J15/I15 -> 0
E16: ≥5年，<10年，得8分
E17: ≥2年，<5年，得2分
E18: <2年，得0分
C19: 实际控制人在银行信用记录(8) | D19: 参照《中国邮政储蓄银行个人信用信息基础数据库应用管理办法（试行）分类 | E19: 正常类，得8分 | H19: 8 | I19: =H19*10 -> 80 | J19: =G19*H19 -> 0 | K19: =J19/I19 -> 0
E20: 瑕疵类，得5分
E21: 次级类，得3分
E22: 禁入类，得1分
C23: 实际控制人品质(8) | D23: 勤奋程度、责任感等评价 | E23: 经营企业较为勤奋，责任感较强，得8分 | H23: 8 | I23: =H23*10 -> 80 | J23: =G23*H23 -> 0 | K23: =J23/I23 -> 0
E24: 经营企业勤奋程度一般，责任感一般，得5分
E25: 经营企业投入度不够，责任感较差，得1分
C26: 实际控制人婚姻(6) | D26: 婚姻状况 | E26: 已婚,未离异，得8分 | H26: 6 | I26: =H26*10 -> 60 | J26: =G26*H26 -> 0 | K26: =J26/I26 -> 0
E27: 已婚,有过离异经历，得4分
E28: 未婚，得3分
E29: 其他，得1分
A30: 3 | B30: 企业竞争能力(20) | C30: 产品/服务市场接受度（5） | D30: 产品的销售情况/服务的接受程度 | E30: 产品/服务市场接受度较高，得8分 | H30: 5 | I30: =H30*10 -> 50 | J30: =G30*H30 -> 0 | K30: =J30/I30 -> 0
E31: 产品/服务市场接受度一般，得5分
E32: 产品/服务市场接受度差，得2分
C33: 企业品牌(5) | D33: 企业品牌优势 | E33: 有自主品牌，有一定的品牌知名度，得8分 | H33: 5 | I33: =H33*10 -> 50 | J33: =G33*H33 -> 0 | K33: =J33/I33 -> 0
E34: 有自主品牌，但无明显品牌优势，得5分
E35: 无自主品牌，得2分 | AC35: =C3 -> 企业生命周期判断(10) | AD35: =K3 -> 0
A36: 4 | C36: 销售渠道(5) | D36: 企业销售渠道的稳定性 | E36: 为大型企业提供配套、客户群稳定、有长期的销售合同，得10分 | H36: 5 | I36: =H36*10 -> 50 | J36: =G36*H36 -> 0 | K36: =J36/I36 -> 0 | AC36: =C33 -> 企业品牌(5) | AD36: =K35 -> 0
E37: 为大型企业提供配套、客户群较为稳定，得8分 | AC37: =C42 -> 0 | AD37: =K42 -> 0
E38: 客户群实力一般，无明显销售渠道优势，得4分 | AC38: =#REF! -> #REF! | AD38: =K51 -> 0
E39: 客户群不稳定，客户变动率高，无长期固定销售合同，得2分
C40: 采购渠道（5） | D40: 企业采购渠道的稳定性 | E40: 有众多经营稳定、具备相当实力的供应商，市场为买方市场，得10分 | H40: 5 | I40: =H40*10 -> 50 | J40: =G40*H40 -> 0 | K40: =J40/I40 -> 0
E41: 有长期合作稳定的供应商，市场供求平衡，得8分
A42: 5 | E42: 企业无明显采购渠道优势，采购渠道单一，得5分 | AC42: =C13 -> 0 | AD42: =K13 -> 0
E43: 供应商变动率高，无长期合作关系，得2分
E44: <5%，得0分
B45: 盈利能力评价(15) | C45: 企业所得税纳税情况(7) | D45: 本期纳税申报表中的纳税额/（本地区GDP/注册企业数量） 注：若存在政府给企业以优惠政策，企业不需缴纳所得税时，取值4分；若依据当地政府规定，企业缴纳定额所得税（企业按期足额缴纳），取值5分 | E45: ≥8%，得10分 | H45: 7 | I45: =H45*10 -> 70 | J45: =G45*H45 -> 0 | K45: =J45/I45 -> 0
E46: ≥3.65%，<8%，得6分
E47: <3.65%，得分为：（实际值/3.65%）*6分（最低取1分）
A48: 6 | C48: 销售毛利率(8) | D48: （年销售收入－年销售成本）／年销售收入 | E48: ≥10%，得10分 | H48: 8 | I48: =H48*10 -> 80 | J48: =G48*H48 -> 0 | K48: =J48/I48 -> 0
E49: ≥5%，<10%，得分为：（实际值/10%）*10分
E50: <5%，得0分
B51: 成长性评价(10) | C51: 流转税纳税额增长率(10) | D51: （本期纳税申报表中的增值税、营业税等纳税额－上期纳税申报表中的增值税、营业税等纳税额）／上期纳税申报表中的增值税、营业税等纳税额 注：①以增值税纳税额增长率作为评价标准时，若企业增值税缴纳长期存在进项税大于销项税的情况，且进项税额呈现增长趋势的，取值4分；②以营业税纳税额增长率作为评价标准时，若企业营业税为定额，取值5分。 | E51: ≥10%，得10分 | H51: 10 | I51: =H51*10 -> 100 | J51: =G51*H51 -> 0 | K51: =J51/I51 -> 0
E52: <10%，得分为：（实际值/10%）*10分（最低得零分）
B53: 扣分项 | E53: 企业有不良声誉记录的（如上过有关机构或部门的黑名单），扣5分 | H53: -5 | J53: =G53*H53 -> 0
E54: 企业实际控制人有赌博、吸毒等不良爱好的，扣5分
G55: =SUM(G3:G52) -> 0 | H55: =SUM(H3:H52) -> 100 | I55: =SUM(I3:I52) -> 1000 | J55: =SUM(J3:J53) -> 0 | K55: =J55/I55 -> 0

Sheet 工业类小企业评级结果
A1: 评级过程 | B1: 大类指标 | C1: 小类指标 | D1: 实际值 | E1: 评分
B2: 企业基本情况(25) | C2: 生命周期判断(10) | D2: ='1-小企业(工业类)'!F3 -> 1 | E2: ='1-小企业(工业类)'!G3 -> 5
C3: 社会声誉(8) | D3: ='1-小企业(工业类)'!F8 -> 0 | E3: ='1-小企业(工业类)'!G8 -> 0
C4: 信息透明度(7) | D4: ='1-小企业(工业类)'!F12 -> 0 | E4: ='1-小企业(工业类)'!G12 -> 0
B5: 企业实际控制人基本情况(30) | C5: 实际控制人行业经验(8) | D5: ='1-小企业(工业类)'!F15 -> 0 | E5: ='1-小企业(工业类)'!G15 -> 0
C6: 实际控制人在银行信用记录(8) | D6: ='1-小企业(工业类)'!F19 -> 0 | E6: ='1-小企业(工业类)'!G19 -> 0
C7: 实际控制人品质(8) | D7: ='1-小企业(工业类)'!F23 -> 0 | E7: ='1-小企业(工业类)'!G23 -> 0
C8: 实际控制人婚姻(6) | D8: ='1-小企业(工业类)'!F26 -> 0 | E8: ='1-小企业(工业类)'!G26 -> 0
B9: 企业竞争能力(20) | C9: 销售渠道(10) | D9: ='1-小企业(工业类)'!F30 -> 0 | E9: ='1-小企业(工业类)'!G30 -> 0
C10: 采购渠道(5) | D10: ='1-小企业(工业类)'!F34 -> 0 | E10: ='1-小企业(工业类)'!G34 -> 0
C11: 生产技术(5) | D11: ='1-小企业(工业类)'!F38 -> 0 | E11: ='1-小企业(工业类)'!G38 -> 0
B12: 盈利能力评价(15) | C12: 销售毛利率(8) | D12: ='1-小企业(工业类)'!F41 -> 0 | E12: ='1-小企业(工业类)'!G41 -> 0
C13: 所得税纳税情况(7) | D13: ='1-小企业(工业类)'!F44 -> 0 | E13: ='1-小企业(工业类)'!G44 -> 0
B14: 成长性评价(10) | C14: 流转税纳税额增长率(10) | D14: ='1-小企业(工业类)'!F47 -> 0 | E14: ='1-小企业(工业类)'!G47 -> 0
B15: 扣分项 | D15: ='1-小企业(工业类)'!F49 -> 0 | E15: =SUM('1-小企业(工业类)'!G49:G50) -> 0
A16: 评级结果 | B16: 评分 | C16: ='1-小企业(工业类)'!K51 -> 0.05 | D16: 级别 | E16: =IF(AND(ROUND(C16,2)<21%,0<=ROUND(C16,2)),"C",IF(86%<=ROUND(C16,2),"AAA",IF(AND(71%<=ROUND(C16,2),ROUND(C16,2)<86%),"AA",IF(AND(61%<=ROUND(C16,2),ROUND(C16,2)<71%),"A",IF(AND(51%<=ROUND(C16,2),ROUND(C16,2)<61%),"BBB",IF(AND(41%<=ROUND(C16,2),ROUND(C16,2)<51%),"BB",IF(AND(21%<=C16,C16<41%),"B"))))))) -> C

Sheet 批发零售类小企业评级结果
A1: 评级过程 | B1: 大类指标 | C1: 小类指标 | D1: 实际值 | E1: 评分
B2: 企业基本情况(25) | C2: 企业生命周期判断(10) | D2: ='2-小企业(批发零售类)'!F3 -> 0 | E2: ='2-小企业(批发零售类)'!G3 -> 0
C3: 社会声誉(8) | D3: ='2-小企业(批发零售类)'!F8 -> 0 | E3: ='2-小企业(批发零售类)'!G8 -> 0
C4: 信息透明度(7) | D4: ='2-小企业(批发零售类)'!F12 -> 0 | E4: ='2-小企业(批发零售类)'!G12 -> 0
B5: 企业实际控制人基本情况(30) | C5: 实际控制人行业经验(8) | D5: ='2-小企业(批发零售类)'!F15 -> 0 | E5: ='2-小企业(批发零售类)'!G15 -> 0
C6: 实际控制人在银行信用记录(8) | D6: ='2-小企业(批发零售类)'!F19 -> 0 | E6: ='2-小企业(批发零售类)'!G19 -> 0
C7: 实际控制人品质(8) | D7: ='2-小企业(批发零售类)'!F23 -> 0 | E7: ='2-小企业(批发零售类)'!G23 -> 0
C8: 实际控制人婚姻(6) | D8: ='2-小企业(批发零售类)'!F26 -> 0 | E8: ='2-小企业(批发零售类)'!G26 -> 0
B9: 企业竞争能力(20) | C9: 销售渠道(7) | D9: ='2-小企业(批发零售类)'!F30 -> 0 | E9: ='2-小企业(批发零售类)'!G30 -> 0
C10: 采购渠道（5） | D10: ='2-小企业(批发零售类)'!F34 -> 0 | E10: ='2-小企业(批发零售类)'!G34 -> 0
C11: 经营场所地段(8) | D11: ='2-小企业(批发零售类)'!F38 -> 0 | E11: ='2-小企业(批发零售类)'!G38 -> 0
B12: 盈利能力评价(15) | C12: 销售毛利率(8) | D12: ='2-小企业(批发零售类)'!F41 -> 0 | E12: ='2-小企业(批发零售类)'!G41 -> 0
C13: 企业所得税纳税情况(7) | D13: ='2-小企业(批发零售类)'!F44 -> 0 | E13: ='2-小企业(批发零售类)'!G44 -> 0
B14: 成长性评价(10) | C14: 流转税纳税额增长率(10) | D14: ='2-小企业(批发零售类)'!F47 -> 0 | E14: ='2-小企业(批发零售类)'!G47 -> 0
B15: 扣分项 | D15: ='2-小企业(批发零售类)'!F49 -> 0 | E15: ='2-小企业(批发零售类)'!G49 -> 0
A16: 评级结果 | B16: 评分 | C16: ='2-小企业(批发零售类)'!K51 -> 0 | D16: 级别 | E16: =IF(AND(ROUND(C16,2)<21%,0<=ROUND(C16,2)),"C",IF(86%<=ROUND(C16,2),"AAA",IF(AND(71%<=ROUND(C16,2),ROUND(C16,2)<86%),"AA",IF(AND(61%<=ROUND(C16,2),ROUND(C16,2)<71%),"A",IF(AND(51%<=ROUND(C16,2),ROUND(C16,2)<61%),"BBB",IF(AND(41%<=ROUND(C16,2),ROUND(C16,2)<51%),"BB",IF(AND(21%<=C16,C16<41%),"B"))))))) -> C

Sheet 其他类小企业评级结果
A1: 评级过程 | B1: 大类指标 | C1: 小类指标 | D1: 实际值 | E1: 评分
B2: 企业基本情况(25) | C2: 企业生命周期判断(10) | D2: ='3-小企业(其他类)'!F3 -> 0 | E2: ='3-小企业(其他类)'!G3 -> 0
C3: 社会声誉(8) | D3: ='3-小企业(其他类)'!F8 -> 0 | E3: ='3-小企业(其他类)'!G8 -> 0
C4: 信息透明度(7) | D4: ='3-小企业(其他类)'!F12 -> 0 | E4: ='3-小企业(其他类)'!G12 -> 0
B5: 企业实际控制人基本情况(30) | C5: 实际控制人行业经验(8) | D5: ='3-小企业(其他类)'!F15 -> 0 | E5: ='3-小企业(其他类)'!G15 -> 0
C6: 实际控制人在银行信用记录(8) | D6: ='3-小企业(其他类)'!F19 -> 0 | E6: ='3-小企业(其他类)'!G19 -> 0
C7: 实际控制人品质(8) | D7: ='3-小企业(其他类)'!F23 -> 0 | E7: ='3-小企业(其他类)'!G23 -> 0
C8: 实际控制人婚姻(6) | D8: ='3-小企业(其他类)'!F26 -> 0 | E8: ='3-小企业(其他类)'!G26 -> 0
B9: 企业竞争能力(20) | C9: 产品/服务市场接受度（5） | D9: ='3-小企业(其他类)'!F30 -> 0 | E9: ='3-小企业(其他类)'!G30 -> 0
C10: 企业品牌(5) | D10: ='3-小企业(其他类)'!F33 -> 0 | E10: ='3-小企业(其他类)'!G33 -> 0
C11: 销售渠道(5) | D11: ='3-小企业(其他类)'!F36 -> 0 | E11: ='3-小企业(其他类)'!G36 -> 0
C12: 采购渠道（5） | D12: ='3-小企业(其他类)'!F40 -> 0 | E12: ='3-小企业(其他类)'!G40 -> 0
B13: 盈利能力评价(15) | C13: 企业所得税纳税情况(7) | D13: ='3-小企业(其他类)'!F45 -> 0 | E13: ='3-小企业(其他类)'!G45 -> 0
C14: 销售毛利率(8) | D14: ='3-小企业(其他类)'!F48 -> 0 | E14: ='3-小企业(其他类)'!G48 -> 0
B15: 成长性评价(10) | C15: 流转税纳税额增长率(10) | D15: ='3-小企业(其他类)'!F51 -> 0 | E15: ='3-小企业(其他类)'!G51 -> 0
B16: 扣分项 | D16: ='3-小企业(其他类)'!F53 -> 0 | E16: ='3-小企业(其他类)'!G53 -> 0
A17: 评级结果 | B17: 评分 | C17: ='3-小企业(其他类)'!K55 -> 0 | D17: 级别 | E17: =IF(AND(ROUND(C17,2)<21%,0<=ROUND(C17,2)),"C",IF(86%<=ROUND(C17,2),"AAA",IF(AND(71%<=ROUND(C17,2),ROUND(C17,2)<86%),"AA",IF(AND(61%<=ROUND(C17,2),ROUND(C17,2)<71%),"A",IF(AND(51%<=ROUND(C17,2),ROUND(C17,2)<61%),"BBB",IF(AND(41%<=ROUND(C17,2),ROUND(C17,2)<51%),"BB",IF(AND(21%<=C17,C17<41%),"B"))))))) -> C
